AoeStats
← Onex119

Black Forest

504539324Analyzed
1v1 RM · 27d ago on Sep 5, 2026· 43m 14s· 2 players
Game mode
Random Map
Map size
Tiny (2 player)
Population
200
Speed
Normal
Resources
Standard
Victory
Conquest
Starting age
Dark Age
Ending age
Imperial Age
RankedLock teamsTeams togetherTeam positionsShared explorationLock speedFull tech treeHidden civsTurbo modeCheats
Victory
Defeat
🇨🇦 Romans · Canada
838
+16
🇷🇴 Georgians · Romania
837
-16
Onex119
1:21 Loom
13:40 Feudal Age
17:36 Castle Age
15:38 Double-Bit Axe
24:34 Fishing Lines
25:20 Bow Saw
27:14 Gold Mining
28:44 Fletching
29:18 Horse Collar
30:15 Bodkin Arrow
32:35 Wheelbarrow
31:45 Town Watch
32:04 Treadmill Crane
32:46 Ballistics
32:50 Heavy Plow
37:03 Imperial Age
35:00 Murder Holes
35:16 Masonry
36:25 Fortified Wall
37:55 Bloodlines
37:46 Husbandry
38:46 Hoardings
38:59 Architecture
41:35 Scale Barding Armor
41:41 Forging
43:05 Chain Barding Armor
The Dullard
8:53 Loom
11:14 Feudal Age
11:52 Double-Bit Axe
12:01 Horse Collar
19:49 Castle Age
17:31 Man-at-Arms
19:27 Forging
19:18 Scale Mail Armor
19:28 Fletching
20:57 Bow Saw
21:25 Squires
24:57 Wheelbarrow
24:47 Long Swordsman
25:43 Town Watch
26:40 Chain Mail Armor
28:35 Iron Casting
28:53 Hand Cart
30:32 Town Patrol
31:42 Heavy Plow
34:52 Imperial Age
32:01 Pikeman
33:07 Bodkin Arrow
33:14 Padded Archer Armor
36:40 Conscription
36:45 Comitatenses
36:32 Ballistas
36:06 Heavy Scorpion
36:12 Legionary
37:41 Halberdier
39:47 Blast Furnace
39:03 Leather Archer Armor
39:36 Siege Engineers
40:32 Chemistry
39:53 Ballistics
Connection lost

Rejoining the realm…

Still unreachable

The connection could not be restored.

Session expired

The server has moved on; the page needs a fresh start.